 Dungeon Crawl Stone Soup version 0.27.1-33-g824d729ab1 (webtiles) character file.

Game seed: 8656108775462458164

105 comborobin the Covert (level 4, 0/41 HPs)
             Began as a Gnoll Delver on Dec 28, 2021.
             Succumbed to an adder's poison
             ... in a sewer.
             The game lasted 00:01:18 (610 turns).

comborobin the Covert (Gnoll Delver)                 Turns: 610, Time: 00:01:19

Health: 0/41       AC:  3    Str: 12    XL:     4   Next: 81%
Magic:  5/5        EV: 13    Int:  9    God:
Gold:   8          SH:  0    Dex: 14    Spells: 5/5 levels left

rFire    . . .     SeeInvis .   a - +0 short sword
rCold    . . .     Faith    .   (no shield)
rNeg     . . .     Spirit   .   b - +0 leather armour
rPois    .         Reflect  .   (no helmet)
rElec    .         Harm     .   (no cloak)
rCorr    .         Rampage  .   (no gloves)
Will     .....                  (no boots)
Stlth    ++........             (no amulet)
HPRegen  0.13/turn              (no ring)
MPRegen  0.09/turn              (no ring)

@: lethally poisoned (0 -> -3), very slow
A: fangs 1, strong nose, distributed training, low mp 1, sense surroundings 1
a: no special abilities


You were in a sewer.
You visited 1 branch of the dungeon, and saw 3 of its levels.
You also visited: Sewer.

You collected 8 gold pieces.

Inventory:

Hand Weapons
 a - a +0 short sword (weapon)
Armour
 b - a +0 leather armour (worn)
Wands
 g - a wand of digging (3)
Scrolls
 c - a scroll of fog
 e - a scroll of fear
 k - a scroll of holy word {unknown}
Potions
 d - a potion of lignification {unknown}
 f - a potion of might {unknown}
 h - 2 potions of magic {unknown}
 i - a potion of mutation
 j - a potion of haste


   Skills:
 + Level 6.6 Fighting
 + Level 4.7 Short Blades
 + Level 1.2 Long Blades
 + Level 1.2 Axes
 + Level 1.2 Maces & Flails
 + Level 1.2 Polearms
 + Level 1.2 Staves
 + Level 1.2 Slings
 + Level 1.2 Bows
 + Level 1.2 Crossbows
 + Level 1.2 Throwing
 + Level 1.2 Armour
 + Level 4.7 Dodging
 + Level 9.6 Stealth
 + Level 1.2 Shields
 + Level 1.2 Unarmed Combat
 + Level 1.2 Spellcasting
 + Level 1.0 Conjurations
 + Level 1.0 Hexes
 + Level 1.0 Summonings
 + Level 1.0 Necromancy
 + Level 1.0 Translocations
 + Level 1.0 Transmutations
 + Level 1.0 Fire Magic
 + Level 1.0 Ice Magic
 + Level 1.0 Air Magic
 + Level 1.0 Earth Magic
 + Level 1.0 Poison Magic
 + Level 1.4 Invocations
 + Level 1.2 Evocations


You had 5 spell levels left.
You didn't know any spells.
Your spell library was empty.

Dungeon Overview and Level Annotations

Branches:
Dungeon (6/15)              Sewer (1/1)
 Temple: D:4-7

Altars:


Innate Abilities, Weirdness & Mutations

You have very sharp teeth.
Your uncanny sense of smell can sniff out nearby items.
Your experience applies equally to all skills.
Your magical capacity is low. (-10% MP)
You passively map a small area around you.


Message History

You are too injured to fight recklessly!
You are too injured to fight recklessly!
You are too injured to fight recklessly!
Your unstable footing causes you to fumble your attack.
You feel sick. The frilled lizard closely misses you.
The adder bites you but does no damage.
You are too injured to fight recklessly!
Your unstable footing causes you to fumble your attack.
You feel sick. The adder closely misses you. The frilled lizard misses you.
You are too injured to fight recklessly!
You are too injured to fight recklessly!
You are too injured to fight recklessly!
You completely miss the adder.
The adder is severely wounded.
You feel sick. The adder bites you.
You are more poisoned.
The adder poisons you! The frilled lizard closely misses you.
You are too injured to fight recklessly!
You barely miss the adder.
The adder is severely wounded.
You feel sick. The adder misses you. The frilled lizard bites you.
* * * LOW HITPOINT WARNING * * *
You miss the adder.
The adder is severely wounded.
You feel sick. The adder misses you. The frilled lizard closely misses you.
You are too injured to fight recklessly!
Your unstable footing causes you to fumble your attack.
You feel sick. The adder bites you.
* * * LOW HITPOINT WARNING * * *
The adder misses you. The frilled lizard closely misses you.
You are too injured to fight recklessly!
Unknown command.
Your unstable footing causes you to fumble your attack.
You feel sick. The adder bites you.
* * * LOW HITPOINT WARNING * * *
Unknown command.
It was a potion of mutation.
You feel extremely strange.
You feel a strange attunement to the structure of the dungeons.
You feel less energetic.
You die...

, ,, , ......#...## *
...........## , ............,, ,
....P≈P≈... ≈≈. ≈≈P≈≈≈≈≈P≈ , ∆∩∆
≈≈≈ ≈ ,P≈≈≈P≈≈≈≈≈ ≈ , ≈ ≈≈≈ *
####≈≈lS########## ≈≈≈ ≈
≈≈≈≈≈≈≈@≈≈≈≈≈≈≈≈≈≈ ≈≈≈ ≈
≈≈≈≈≈≈≈≈≈≈≈≈≈≈≈≈≈≈ ≈≈≈
≈≈≈≈≈≈≈≈≈≈≈≈≈≈≈≈≈≈≈ ≈*
#########≈#≈#######≈#############
......P≈≈≈P≈≈≈..P≈P≈≈≈≈P.≈≈≈#.)..
........≈≈≈P≈...≈≈≈≈≈≈....≈≈'..∩.
.........P.≈.......≈≈P...≈≈.'....
.P....P.....................#....
......P.......P............######


You could see an adder and a frilled lizard.

Vanquished Creatures
  A necrophage (D:4)
  A howler monkey skeleton (D:5)
  A worm (D:5)
  A ball python (Sewer)
  A goblin (D:4)
  A hobgoblin (D:4)
  A bat (Sewer)
  4 kobolds (Sewer)
11 creatures vanquished.

Notes
Turn   | Place    | Note
-------+----------+-------------------------------------------
     0 | D:5      | Reached skill level 9 in Stealth
     0 | D:5      | comborobin the Gnoll Delver began the quest for the Orb.
     0 | D:5      | Reached XP level 1. HP: 23/23 MP: 1/1
    23 | D:4      | Noticed a necrophage
    56 | D:4      | Killed a necrophage
    57 | D:4      | Reached skill level 1 in Long Blades
    57 | D:4      | Reached skill level 1 in Axes
    57 | D:4      | Reached skill level 1 in Maces & Flails
    57 | D:4      | Reached skill level 1 in Polearms
    57 | D:4      | Reached skill level 1 in Staves
    57 | D:4      | Reached skill level 1 in Slings
    57 | D:4      | Reached skill level 1 in Bows
    57 | D:4      | Reached skill level 1 in Crossbows
    57 | D:4      | Reached skill level 1 in Throwing
    57 | D:4      | Reached skill level 1 in Armour
    57 | D:4      | Reached skill level 1 in Shields
    57 | D:4      | Reached skill level 1 in Unarmed Combat
    57 | D:4      | Reached skill level 1 in Spellcasting
    57 | D:4      | Reached skill level 1 in Invocations
    57 | D:4      | Reached skill level 1 in Evocations
    57 | D:4      | Reached XP level 2. HP: 22/29 MP: 1/3
    57 | D:4      | Reached XP level 3. HP: 27/35 MP: 1/4
    57 | D:4      | Reached XP level 4. HP: 32/41 MP: 1/5
   100 | D:5      | Reached skill level 1 in Conjurations
   100 | D:5      | Reached skill level 1 in Hexes
   100 | D:5      | Reached skill level 1 in Summonings
   100 | D:5      | Reached skill level 1 in Necromancy
   100 | D:5      | Reached skill level 1 in Translocations
   100 | D:5      | Reached skill level 1 in Transmutations
   100 | D:5      | Reached skill level 1 in Fire Magic
   100 | D:5      | Reached skill level 1 in Ice Magic
   100 | D:5      | Reached skill level 1 in Air Magic
   100 | D:5      | Reached skill level 1 in Earth Magic
   100 | D:5      | Reached skill level 1 in Poison Magic
   205 | D:5      | Noticed a sky beast
   244 | D:5      | Found a glowing drain.
   249 | Sewer    | Entered a sewer
   609 | Sewer    | HP: 1/41 [adder (4)]
   610 | Sewer    | Gained mutation: You passively map a small area around you.
                  | [potion of mutation]
   610 | Sewer    | Gained mutation: Your magical capacity is low. (-10% MP)
                  | [potion of mutation]
   610 | Sewer    | Succumbed to an adder's poison

Illustrated notes

Levels and vault maps discovered:
D:4:      layout_basic, lemuel_tele_altar
D:5:      layout_basic, portal_sewer_entry_e, uniq_edmund
D:6:      layout_basic, general_overflow_altar, minmay_temple_entry_ruins,
          nicolae_shop_clearance, uniq_crazy_yiuf_cottage, uniq_maggie
Sewer:    kennysheep_pipe_town

Skill      XL: |  1  2  3  4 |
---------------+-------------+-----
Stealth        | |  9.6
Long Blades    | 1 |  1.2
Axes           | 1 |  1.2
Maces & Flails | 1 |  1.2
Polearms       | 1 |  1.2
Staves         | 1 |  1.2
Slings         | 1 |  1.2
Bows           | 1 |  1.2
Crossbows      | 1 |  1.2
Throwing       | 1 |  1.2
Armour         | 1 |  1.2
Shields        | 1 |  1.2
Unarmed Combat | 1 |  1.2
Spellcasting   | 1 |  1.2
Invocations    | 1 |  1.4
Evocations     | 1 |  1.2
Conjurations   | 1 |  1.0
Hexes          | 1 |  1.0
Summonings     | 1 |  1.0
Necromancy     | 1 |  1.0
Translocations | 1 |  1.0
Transmutations | 1 |  1.0
Fire Magic     | 1 |  1.0
Ice Magic      | 1 |  1.0
Air Magic      | 1 |  1.0
Earth Magic    | 1 |  1.0
Poison Magic   | 1 |  1.0
Fighting       | |  6.6
Short Blades   | |  4.7
Dodging        | |  4.7

Action                   |  1- 3 |  4- 6 || total
-------------------------+-------+-------++-------
Melee: Short sword       |    23 |    55 ||    78
       Bite              |     4 |     3 ||     7
  Use: Potion            |     1 |     1 ||     2
       Scroll            |     1 |       ||     1
 Stab: Sleeping          |       |     2 ||     2
Armor: Leather armour    |     2 |    16 ||    18
Dodge: Dodged            |    18 |    44 ||    62
